cohdb
Replays
Latest Replays
All Replays
Popular Replays
Top Player Replays
Match Explorer
How It Works
Community
CoH3 Stats
Reddit
Sign in to upload your games and track your stats! →
Sign in with Steam
Match 45273021
Unlisted
Match 45273021
Overview
Messages
Build Orders
End
Pioneer Squad
Construct Infanterie Kompanie
Selects Terror Battlegroup
MG 42 Machine Gun Team
MG 42 Machine Gun Team
Selects Heavy Gunnery
Construct Luftwaffe Kompanie
221 Scout Car
Medical Station
Jäger Squad
221 Scout Car
Selects Contempt for the Weak
Luftwaffe Officer Quarters
Flak 30 Anti-aircraft Gun Team
Construct Panzer Kompanie
Jäger Squad
Stoßtruppen Squad
Selects No Quarter
Panzer IV Medium Tank
Side Skirts
Medical Bunker
Panzer Officer Quarters
Panzer IV Medium Tank
Selects Jericho Trumpet
Selects V1 Rocket Strike
V1 Rocket Strike
GronGrinder
Nortgron
A TRUE BLUE WICKIE
PayPerPaper
cherry
Grizzly_187
0
0
Comments
sign in to comment!
No comments posted yet!